 Dungeon Crawl Stone Soup version 0.31-a0-1074-g0b22e4e0f1 (webtiles) character file.

Game seed: 17760040154247403261

153743 grandjackal the Lord of Darkness (level 17, -2/142 HPs)
             Began as a Demonspawn Gladiator on Nov 30, 2023.
             Was the Champion of Kikubaaqudgha.
             Slain by an ironbound frostheart (11 damage)
             ... in an ice cave.
             The game lasted 00:50:14 (24129 turns).

grandjackal the Lord of Darkness (DsGl)            Turns: 24129, Time: 00:50:15

Health: -2/142     AC: 18    Str: 16    XL:     17   Next: 5%
Magic:  18/22      EV: 13    Int: 19    God:    Kikubaaqudgha [******]
Gold:   2040       SH:  8    Dex: 19    Spells: 1/23 levels left

rFire   x . .        L - +4 quick blade (pain)
rCold   + + .        m - +2 buckler {rN+}
rNeg    + + +        F - +4 ring mail of Hunniaq {+Inv rElec rCorr Stlth-}
rPois   +            W - +2 helmet {Int+3}
rElec   +            O - +2 cloak {Will+}
rCorr   +            (no gloves)
SInv    +            B - +2 pair of boots
Will    +....        R - amulet of regeneration Stlth
                     u - ring of protection from cold
HPRegen 2.23/turn    x - ring of Kung {Ice rPois rN+++ Will- SInv}
MPRegen 0.18/turn

%: no passive effects
@: death channelling, frozen, very slow
A: powered by death 1, big brain 2, demonic magic 2, demonic touch 2
a: Renounce Religion, Evoke Invisibility, Unearth Wretches, Torment


You were in an ice cave.
You worshipped Kikubaaqudgha.
Kikubaaqudgha was exalted by your worship.
You visited 5 branches of the dungeon, and saw 24 of its levels.
You also visited: Ice Cave and Volcano.

You collected 3649 gold pieces.
You spent 1609 gold pieces at shops.

Inventory:

Hand Weapons
 L - a +4 quick blade of pain (weapon)
Missiles
 d - 3 throwing nets (quivered)
 e - 7 javelins
Armour
 m - a +2 buckler of positive energy (worn)
 B - a +2 pair of boots (worn)
 F - the +4 ring mail of Hunniaq (worn) {+Inv rElec rCorr Stlth-}
   (You found it on level 5 of the Dungeon)

   rElec:     It insulates you from electricity.
   +Inv:      It lets you turn invisible.
   rCorr:     It protects you from acid and corrosion.
   Stlth-:    It makes you less stealthy.
 K - a +0 kite shield
 O - a +2 cloak of willpower (worn)
 W - a +2 helmet of intelligence (worn)
Jewellery
 s - a +4 ring of slaying
 t - a ring of positive energy
 u - a ring of protection from cold (left hand)
 w - a ring of poison resistance
 x - the ring of Kung (right hand) {Ice rPois rN+++ Will- SInv}
   (You bought it in a shop on level 2 of the Orcish Mines)

   [ring of ice]

   Ice:       It enhances your ice magic.
   rF-:       It makes you vulnerable to fire.
   rC+:       It protects you from cold.
   rPois:     It protects you from poison rN+++: It renders you almost immune to
   negative energy.
   Will-:     It decreases your willpower.
   SInv:      It lets you see invisible.
 H - a ring of fire
 J - a ring of protection from fire
 M - a ring of positive energy
 R - an amulet of regeneration (around neck)
 U - a ring of protection from fire
Wands
 a - a wand of digging (5)
 b - a wand of iceblast (16)
 f - a wand of mindburst (10)
 l - a wand of flame (36)
 D - a wand of paralysis (21)
Scrolls
 j - 5 scrolls of poison
 n - 2 scrolls of enchant armour
 o - 4 scrolls of fog
 p - a scroll of fear
 r - 11 scrolls of teleportation
 y - a scroll of butterflies
 z - a scroll of brand weapon
 A - 3 scrolls of amnesia
 N - a scroll of vulnerability
 V - a scroll of silence
 X - 8 scrolls of identify
Potions
 c - 3 potions of haste
 h - 3 potions of might
 i - 6 potions of curing
 k - 5 potions of cancellation
 q - 7 potions of brilliance
 v - 3 potions of ambrosia
 C - 2 potions of attraction
 I - 6 potions of heal wounds
 P - 2 potions of enlightenment
 Q - a potion of mutation
 S - a potion of berserk rage {unknown}
 T - 2 potions of magic
 Y - 2 potions of lignification
Miscellaneous
 Z - a lightning rod (4/4)


   Skills:
 + Level 15.4 Fighting
 - Level 0.2(9.2) Short Blades
 + Level 14.3 Long Blades
 - Level 2.0 Throwing
 - Level 5.3 Dodging
 + Level 4.7 Shields
 - Level 3.7 Spellcasting
 + Level 16.5 Necromancy
 - Level 12.5 Ice Magic


You had one spell level left.
You knew the following spells:

 Your Spells              Type           Power      Damage    Failure   Level
a - Ozocubu's Armour      Ice            67%        N/A       1%          3
b - Vampiric Draining     Necr           61%        2d10      1%          3
c - Dispel Undead         Necr           61%        3d21      1%          4
d - Simulacrum            Ice/Necr       36%        N/A       14%         6
e - Death Channel         Necr           30%        N/A       6%          6

Your spell library contained the following spells:

 Spells                   Type           Power      Damage    Failure   Level
 Kiss of Death            Conj/Necr      100%       2d13      1%          1
 Necrotise                Necr           100%       1d9       1%          1
 Apportation              Tloc           6%         N/A       34%         1
 Magic Dart               Conj           12%        1d3       34%         1
 Sting                    Tmut/Pois      12%        1d3       34%         1
 Sublimation of Blood     Necr           61%        N/A       1%          2
 Cigotuvi's Dreadful Rot  Necr/Pois/Air  48%        N/A       5%          2
 Borgnjor's Vile Clutch   Necr/Erth      17%        N/A       32%         5
 Call Imp                 Summ           6%         N/A       45%         2
 Jinxbite                 Hex            6%         N/A       45%         2
 Poisonous Vapours        Pois/Air       6%         N/A       45%         2
 Metabolic Englaciation   Hex/Ice        20%        N/A       58%         5
 Call Canine Familiar     Summ           3%         N/A       71%         3
 Mephitic Cloud           Conj/Pois/Air  3%         N/A       71%         3
 Sigil of Binding         Hex            3%         N/A       71%         3
 Stone Arrow              Conj/Erth      6%         3d7       71%         3
 Animate Armour           Summ/Erth      6%         N/A       98%         4
 Cause Fear               Hex            1%         N/A       98%         4
 Dimensional Bullseye     Hex/Tloc       1%         N/A       98%         4
 Leda's Liquefaction      Hex/Erth       1%         N/A       98%         4
 Olgreb's Toxic Radiance  Pois           3%         N/A       98%         4
 Petrify                  Tmut/Erth      3%         N/A       98%         4
 Alistair's Intoxication  Tmut/Pois      2%         N/A       100%        5
 Fireball                 Conj/Fire      1%         3d3       100%        5
 Irradiate                Conj/Tmut      1%         3d12      100%        5
 Lehudib's Crystal Spear  Conj/Erth      1%         10d2      100%        8
 Dragon's Call            Summ           1%         N/A       100%        9


Dungeon Overview and Level Annotations

Branches:
Dungeon (15/15)            Temple (0/1) D:7            Lair (5/5) D:8
  Swamp (1/4) Lair:3        Snake (0/4) Lair:2        Slime (0/5) Lair:5
    Orc (2/2) D:12            Elf (1/3) Orc:2        Vaults (0/5) D:14
 Depths (0/4) D:15          IceCv (1/1)             Volcano (visited)

Altars:
Ashenzari
Fedhas
Kikubaaqudgha
Makhleb
Okawaru
Trog
Uskayaw
Yredelemnul

Shops:
D:12 [:[:   Orc:2 :=[*(

Portals:
Trove: D:13 (give +4 demon whip)

Annotations:
D:4 1 runed translucent door
D:10 exclusion: orange crystal statue
Swamp:1 1 runed translucent door, Doj's ghost, journeyman TrFi


Innate Abilities, Weirdness & Mutations

You regenerate a little health from kills.
You have an extremely huge brain. (Int +4)
Spells you cast may paralyse nearby enemies.
Your touch may inflict irresistible damage on your foes.


Message History

The frost grips you! You resist.
* * * LOW HITPOINT WARNING * * *
The frost grips your spectral ice dragon!!
Your spectral ice dragon resists.
The ironbound frostheart barely misses you.
You block the ironbound frostheart's attack.
Your spectral ice dragon bites the ironbound frostheart.
Your spectral ice dragon drains the ironbound frostheart.
Your spectral ice dragon claws the ironbound frostheart.
Your spectral ice dragon tramples the ironbound frostheart!
The ironbound frostheart holds its ground!
Unknown command.
You completely miss the ironbound frostheart. x2
The ironbound frostheart is moderately wounded.
The ironbound frostheart calls freezing cold from the walls.
The frost grips you. You resist.
* * * LOW HITPOINT WARNING * * *
The frost grips your spectral ice dragon!
Your spectral ice dragon resists.
You block the ironbound frostheart's attack.
Unknown command.
Unknown command.
You hit the ironbound frostheart but do no damage.
The ironbound frostheart writhes in agony.
You barely miss the ironbound frostheart.
The ironbound frostheart is moderately wounded.
Your spectral ice dragon bites the ironbound frostheart!
Your spectral ice dragon claws the ironbound frostheart but does no damage.
Your spectral ice dragon tramples the ironbound frostheart!
The ironbound frostheart holds its ground!
The ironbound frostheart calls freezing cold from the walls.
The frost grips you. You resist.
* * * LOW HITPOINT WARNING * * *
The frost grips your spectral ice dragon!
Your spectral ice dragon resists.
The ironbound frostheart touches you!
* * * LOW HITPOINT WARNING * * *
The ironbound frostheart freezes you! You resist.
You die...
Kikubaaqudgha rasps: "You have failed me!
Welcome... death!"

.##
#..###..#
..# ##.[#
#..## ..##
#..## ##..#
...# ##.#
#..# ...##
#..# ##.##
....###.##
#..#
....##..# ##
##.#
#......###.#
#Z##
#.....###.#
#@p#
##...###.#
##pk#
###...#.#
h.# .##.##.#
p.# #.###.##
#.# ##.#.##
.# .##.## .#
.###.# ## ##
#.#


You could see 3 ironbound frosthearts, a polar bear, a rime drake and a friendly
spectral ice dragon.

Vanquished Creatures
  Jorgrun (Orc:1)
  Gastronok (Lair:2)
  The ghost of Daonol the Brawler, a journeyman TrBe of Trog (Orc:1)
  The ghost of Moomnono the Destroyer, a journeyman BaWn of Hepliaklqana (Orc:1)
  Nessos (D:14)
  A white draconian (IceCv)
  2 fire dragons (Lair:5)
  Josephine (D:10)
  3 vault guards (D:14)
  5 ice dragons
  5 ironbound frosthearts (IceCv)
  An alligator (Swamp:1)
  8 centaur warriors
  5 hydras
  Fannar (D:11)
  A ghost crab (Lair:2)
  3 catoblepae
  An ogre mage (D:15)
  7 two-headed ogres
  A boulder beetle (D:8)
  A dancing weapon (Elf:1)
  8 death yaks
  3 tengu warriors
  An orc high priest (Orc:2)
  2 deep elf knights (Elf:1)
  Urug (Lair:2)
  A hell knight (Volcano)
  Nergalle (D:11)
  A spectral catoblepas (Lair:3)
  Amaemon (Lair:2)
  2 goliath frogs
  A skyshark (Lair:4)
  3 skeletal warriors (D:13)
  4 swamp dragons
  A bog body (Swamp:1)
  A deep elf archer (D:14)
  6 deep elf pyromancers (Elf:1)
  4 deep elf zephyrmancers
  An orange crystal statue (IceCv)
  A lindwurm (Lair:5)
  3 orc knights
  4 ugly things
  Maurice (Orc:2)
  7 orc sorcerers
  2 cyclopes (D:12)
  4 centaur zombies (D:13)
  7 manticores
  2 elephants
  A black mamba (shapeshifter) (D:14)
  5 torpor snails
  An ice statue (Swamp:1)
  8 black mambas
  A smoke demon (Volcano)
  17 cane toads
  2 yaktaurs (D:14)
  An unseen horror (D:11)
  Psyche (D:11)
  An orange demon (Lair:2)
  6 rime drakes
  A kobold demonologist (D:14)
  18 komodo dragons
  A tengu conjurer (D:15)
  6 trolls
  9 polar bears
  5 hornets (Lair:5)
  5 tyrant leeches
  3 red devils (Volcano)
  3 meliai (D:15)
  16 blink frogs
  A raiju (shapeshifter) (D:14)
  Grinder (D:5)
  8 dream sheep
  15 slime creatures
  An air elemental (Elf:1)
  40 yaks
  A vampire (D:12)
  A shadow (D:13)
  3 wyverns
  2 humans (D:14)
  7 wraiths
  A hog (shapeshifter) (Elf:1)
  A spectral komodo dragon (Lair:3)
  5 basilisks
  12 vampire mosquitoes (D:13)
  Eustachio (D:5)
  Grum (D:11)
  A steam dragon (Lair:5)
  3 wargs
  8 swamp worms
  18 water moccasins
  Duvessa (D:5)
  3 nagas (Lair:2)
  5 acid dragons
  A hell hound (Volcano)
  3 swamp drakes
  An ice beast (D:7)
  A black bear (shapeshifter) (D:14)
  3 black bears
  27 orc warriors
  A spectral blink frog (Lair:3)
  9 ogres
  16 centaurs
  14 wolves
  A phantom (D:7)
  3 kobold brigands
  12 bullfrogs
  Blork the orc (D:4)
  An earth elemental (Elf:1)
  3 scorpions
  7 wights
  Dowan (D:5)
  An electric eel (Lair:3)
  8 killer bees
  15 howler monkeys
  A crimson imp (Orc:1)
  A gnoll bouda (D:7)
  5 hounds
  4 jellies
  26 orc priests
  An iron imp (Orc:1)
  A human skeleton (D:4)
  8 iguanas
  2 sleepcaps
  43 orc wizards
  7 hell rats (Lair:2)
  9 gnolls
  4 adders
  A shadow imp (Orc:1)
  4 white imps
  6 ufetubi
  6 dart slugs
  96 orcs
  6 bats
  8 endoplasms
  4 giant cockroaches
  7 goblins
  7 hobgoblins
  7 jackals
  23 kobolds
  5 quokkas
  6 ball pythons
  3 frilled lizards
  A jackal skeleton (D:4)
  A kobold skeleton (D:4)
  7 rats
814 creatures vanquished.

Vanquished Creatures (collateral kills)
  3 elephants (Lair:5)
  A torpor snail (Lair:5)
  A tengu conjurer (D:14)
  A polar bear (IceCv)
  2 hornets (Lair:5)
  A yak (Lair:5)
  A basilisk (Lair:5)
  2 iguanas (Lair:5)
12 creatures vanquished.

Vanquished Creatures (others)
  A deep elf knight (Elf:1)
  A blink frog (Lair:2)
  2 orc wizards
  An orc (Orc:1)
5 creatures vanquished.

Grand Total: 831 creatures vanquished

Notes
Turn   | Place    | Note
-------+----------+-------------------------------------------
     0 | D:1      | grandjackal the Demonspawn Gladiator began the quest for
                  | the Orb.
     0 | D:1      | Reached XP level 1. HP: 16/16 MP: 1/1
    88 | D:1      | Gained mutation: Your touch may inflict minor irresistible
                  | damage on your foes. [demonic ancestry]
    88 | D:1      | Reached XP level 2. HP: 20/22 MP: 2/2
   258 | D:1      | Found Joamioqo's General Store.
   667 | D:2      | Reached XP level 3. HP: 28/28 MP: 3/3
  1165 | D:2      | Gained mutation: You regenerate a little health from kills.
                  | [demonic ancestry]
  1165 | D:2      | Reached XP level 4. HP: 35/35 MP: 4/4
  2063 | D:4      | Gained mutation: You have an unusually large brain. (Int
                  | +2) [demonic ancestry]
  2063 | D:4      | Reached XP level 5. HP: 41/41 MP: 5/5
  2227 | D:4      | Noticed an ogre
  2239 | D:4      | Killed an ogre
  2240 | D:4      | Reached XP level 6. HP: 37/48 MP: 6/6
  2451 | D:4      | Found a runed translucent door.
  2452 | D:4      | Noticed a human
  2464 | D:4      | Found a basalt altar of Yredelemnul.
  2587 | D:4      | Reached XP level 7. HP: 53/55 MP: 7/7
  2591 | D:4      | Learned a level 3 spell: Ozocubu's Armour
  2655 | D:4      | Found an ancient bone altar of Kikubaaqudgha.
  2696 | D:4      | Became a worshipper of Kikubaaqudgha
  3021 | D:4      | Noticed Blork the orc
  3029 | D:4      | Killed Blork the orc
  3030 | D:4      | Reached skill level 1 in Necromancy
  3115 | D:5      | Entered Level 5 of the Dungeon
  3129 | D:5      | Noticed Dowan
  3129 | D:5      | Noticed Duvessa
  3145 | D:4      | Reached skill level 5 in Fighting
  3225 | D:5      | Noticed Grinder
  3226 | D:5      | Paralysed by Grinder for 4 turns
  3340 | D:4      | Reached skill level 5 in Long Blades
  3340 | D:4      | Reached skill level 5 in Dodging
  3345 | D:5      | Reached skill level 2 in Necromancy
  3351 | D:5      | Killed Grinder
  3352 | D:5      | Gained mutation: Spells you cast may paralyse adjacent
                  | enemies. [demonic ancestry]
  3352 | D:5      | Reached XP level 8. HP: 60/63 MP: 8/8
  3383 | D:5      | Identified the +4 ring mail of Hunniaq {+Inv rElec rCorr
                  | Stlth-}
  3465 | D:5      | Found a burning altar of Makhleb.
  3468 | D:5      | Noticed a balrug
  3471 | D:5      | Noticed an angel
  3495 | D:5      | Noticed Eustachio
  3508 | D:5      | Killed Duvessa
  3509 | D:5      | Reached skill level 3 in Necromancy
  3526 | D:5      | Killed Eustachio
  3527 | D:5      | Reached skill level 1 in Ice Magic
  3534 | D:5      | Killed Dowan
  3896 | D:6      | Found a broken altar of Ashenzari.
  3962 | D:6      | Reached * piety under Kikubaaqudgha
  3962 | D:6      | Received a gift from Kikubaaqudgha
  3998 | D:6      | Learned a level 3 spell: Vampiric Draining
  4055 | D:6      | Reached skill level 4 in Necromancy
  4459 | D:6      | Reached ** piety under Kikubaaqudgha
  4460 | D:6      | Gained mutation: You have an extremely huge brain. (Int +4)
                  | [demonic ancestry]
  4460 | D:6      | Reached XP level 9. HP: 48/71 MP: 9/9
  4746 | D:7      | Reached skill level 5 in Necromancy
  4795 | D:7      | Found a staircase to the Ecumenical Temple.
  5594 | D:8      | Reached skill level 6 in Necromancy
  5652 | D:8      | Noticed an elephant
  5665 | D:8      | Killed an elephant
  5666 | D:8      | Reached XP level 10. HP: 78/80 MP: 10/10
  5689 | D:8      | Reached skill level 5 in Ice Magic
  5835 | D:8      | Reached *** piety under Kikubaaqudgha
  5835 | D:8      | Received a gift from Kikubaaqudgha
  5874 | D:8      | Reached skill level 7 in Necromancy
  6100 | D:8      | Found a hide-covered altar of Uskayaw.
  6253 | D:8      | Found a bloodstained altar of Trog.
  6274 | D:8      | You fall into a shaft and drop 3 floors!
  6279 | D:11     | Noticed Nergalle
  6295 | D:11     | Killed Nergalle
  6498 | D:10     | Entered Level 10 of the Dungeon
  7006 | D:9      | Noticed a two-headed ogre
  7019 | D:9      | Killed a two-headed ogre
  7020 | D:9      | Reached skill level 8 in Necromancy
  7209 | D:9      | Gained mutation: Your touch may inflict irresistible damage
                  | on your foes. [demonic ancestry]
  7209 | D:9      | Reached XP level 11. HP: 74/89 MP: 11/11
  7486 | D:8      | Noticed a skeletal warrior
  7632 | D:10     | Noticed Josephine
  7641 | D:10     | Killed Josephine
  7971 | D:10     | Noticed an orange crystal statue
  8219 | D:10     | Found a blossoming altar of Fedhas.
  8321 | D:10     | Reached **** piety under Kikubaaqudgha
  8590 | D:11     | Reached skill level 9 in Necromancy
  9077 | D:11     | Noticed Grum
  9094 | D:11     | Killed Grum
  9146 | D:11     | Noticed Fannar
  9151 | D:11     | Noticed Psyche
  9172 | D:11     | Killed Fannar
  9173 | D:11     | Reached skill level 10 in Fighting
  9317 | D:11     | Killed Psyche
  9553 | D:12     | Found Janygisea's Book Shoppe.
  9556 | D:12     | Bought a book of Decay for 360 gold pieces
  9783 | D:12     | Found Feug's Book Boutique.
  9972 | D:12     | Found Feohos's Armour Shop.
 10034 | D:12     | Reached skill level 10 in Necromancy
 10034 | D:12     | Reached XP level 12. HP: 54/98 MP: 12/12
 10071 | D:12     | Reached ***** piety under Kikubaaqudgha
 10304 | D:12     | Found a staircase to the Orcish Mines.
 10402 | D:12     | Found Ibomepn's Armour Shoppe.
 10411 | D:12     | Bought a +2 helmet of intelligence for 322 gold pieces
 10465 | Orc:1    | Entered Level 1 of the Orcish Mines
 10539 | Orc:1    | Noticed Jorgrun
 10555 | Orc:1    | Killed Jorgrun
 10556 | Orc:1    | Reached skill level 10 in Long Blades
 10688 | Orc:2    | Entered Level 2 of the Orcish Mines
 10701 | Orc:2    | Noticed Maurice
 10841 | D:8      | Found a staircase to the Lair.
 10913 | D:8      | Noticed a boulder beetle
 10927 | D:8      | Killed a boulder beetle
 11018 | D:8      | Learned a level 4 spell: Dispel Undead
 11082 | Lair:1   | Entered Level 1 of the Lair of Beasts
 11294 | Lair:1   | Found an iron altar of Okawaru.
 11871 | Lair:2   | Noticed a catoblepas
 11874 | Lair:2   | Identified a scroll of acquirement
 11874 | Lair:2   | Acquired 767 gold pieces
 11973 | Lair:2   | Reached skill level 11 in Necromancy
 12030 | Lair:2   | Killed a catoblepas
 12109 | Lair:2   | Noticed Urug
 12135 | Lair:2   | Killed Urug
 12374 | Lair:2   | Noticed Amaemon
 12387 | Lair:2   | Killed Amaemon
 12508 | Lair:2   | Reached XP level 13. HP: 59/106 MP: 13/13
 12713 | Lair:2   | Found a staircase to the Snake Pit.
 13180 | Lair:2   | Noticed Gastronok
 13290 | Lair:2   | Killed Gastronok
 13704 | Lair:3   | Reached skill level 12 in Necromancy
 14127 | Lair:3   | Reached skill level 10 in Ice Magic
 14480 | Lair:3   | Found a staircase to the Swamp.
 15100 | Lair:4   | Reached ****** piety under Kikubaaqudgha
 15174 | Lair:4   | Found a dark tunnel.
 15185 | Volcano  | Entered a volcano
 15924 | Lair:4   | Reached XP level 14. HP: 116/116 MP: 14/14
 15945 | Lair:4   | Identified a +2 quick blade of pain (a +0 quick blade of
                  | flaming bloodied by Kikubaaqudgha)
 15945 | Lair:4   | Received a gift from Kikubaaqudgha
 16103 | Lair:4   | Reached skill level 13 in Necromancy
 16103 | Lair:4   | Reached XP level 15. HP: 122/122 MP: 14/20
 16905 | Lair:5   | Entered Level 5 of the Lair of Beasts
 16905 | Lair:5   | Found a staircase to the Slime Pits.
 16955 | Lair:5   | Reached skill level 14 in Necromancy
 17043 | Lair:5   | Learned a level 6 spell: Simulacrum
 17343 | Lair:5   | Found a runed translucent door.
 17386 | Lair:5   | Paralysed by a hornet for 3 turns
 18610 | Orc:2    | Killed Maurice
 18926 | Orc:1    | Found a runed translucent gate.
 18988 | Orc:1    | Identified the +0 hat "Aschic" {-Tele Contam rN++ Str+3}
 19016 | Orc:1    | Found a runed translucent gate.
 19017 | Orc:1    | Found a runed translucent gate.
 19018 | Orc:1    | Noticed Moomnono's ghost (journeyman BaWn)
 19019 | Orc:1    | Noticed Daonol's ghost (journeyman TrBe)
 19188 | Orc:1    | Killed Daonol's ghost
 19196 | Orc:1    | Killed Moomnono's ghost
 19197 | Orc:1    | Reached skill level 15 in Necromancy
 19769 | Orc:2    | Found Buot's Armour Emporium.
 19769 | Orc:2    | Found Dietruo's Jewellery Emporium.
 19770 | Orc:2    | Found Leasil's General Store.
 19774 | Orc:2    | Found Jusyugg's Antique Weapon Shoppe.
 19781 | Orc:2    | Bought a scroll of noise for 10 gold pieces
 19781 | Orc:2    | Bought a scroll of teleportation for 30 gold pieces
 19785 | Orc:2    | Bought a +2 cloak of willpower for 258 gold pieces
 19800 | Orc:2    | Bought the ring of Kung {Ice rPois rN+++ Will- SInv} for
                  | 629 gold pieces
 19829 | Orc:2    | Found Xocvio Riesh's Book Shop.
 19898 | Orc:2    | Found a staircase to the Elven Halls.
 20157 | D:13     | Reached XP level 16. HP: 133/133 MP: 21/21
 20645 | D:13     | Found a portal to a secret trove of treasure.
 21244 | D:14     | Noticed Nessos
 21259 | D:14     | Killed Nessos
 21451 | D:14     | Learned a level 6 spell: Death Channel
 21635 | D:14     | Found a gate to the Vaults.
 21657 | D:14     | Reached skill level 1 in Shields
 21991 | D:15     | Entered Level 15 of the Dungeon
 22112 | D:15     | Reached skill level 16 in Necromancy
 22570 | D:15     | Reached skill level 15 in Fighting
 22571 | D:15     | Found a staircase to the Depths.
 22832 | Elf:1    | Entered Level 1 of the Elven Halls
 23501 | Swamp:1  | Entered Level 1 of the Swamp
 23502 | Swamp:1  | Noticed Doj's ghost (journeyman TrFi)
 23502 | Swamp:1  | Found a runed translucent door.
 23554 | Swamp:1  | Found a frozen archway.
 23662 | IceCv    | Entered an ice cave
 24032 | IceCv    | Gained mutation: Spells you cast may paralyse nearby
                  | enemies. [demonic ancestry]
 24032 | IceCv    | Reached XP level 17. HP: 142/142 MP: 16/22
 24129 | IceCv    | Slain by an ironbound frostheart

Illustrated notes

Levels and vault maps discovered:
D:1:      lemuel_arrival_lava_pool, layout_rooms, serial_shops,
          nicolae_shop_back_alley_shop
D:2:      layout_loops_ring, hangedman_feature_mirror, eino_curves_02
D:3:      layout_basic, tso_altar
D:4:      minmay_chambers_of_fours, layout_loops_ring, dk_yredelemnul_ordeal,
          nicolae_overflow_crystal_walls, chequers_serial_rivers_micro_b,
          moated_statue, minmay_misc_feat_plants, minmay_ruined_shrine,
          uniq_blork_the_orc
D:5:      layout_basic, grunt_temple_overflow_order_and_chaos_2, uniq_grinder,
          uniq_duvessa, uniq_eustachio
D:6:      layout_loops_ring, nicolae_ashenzari_skybound
D:7:      layout_rooms, minmay_temple_entry_grid
D:8:      layout_cave_pools, minitemple, grunt_lair_entry_orc_guard_hut,
          minmay_small_thing
D:9:      layout_rooms
D:10:     layout_loops_cross, fedhas_altar_fruit_tree, minmay_protected_statue,
          uniq_josephine
D:11:     layout_irregular_city, uniq_grum, uniq_psyche, uniq_fannar,
          uniq_nergalle
D:12:     layout_basic, david_orc_5, serial_shops, shop,
          nicolae_shop_pleasant_corner_grove, shop_statue,
          nicolae_book_shop_shelving
D:13:     layout_cave_pools, nicolae_trove_entry_diagonal, serial_undead,
          serial_undead_e, serial_undead_e, serial_undead_e, serial_undead_c
D:14:     layout_roguey, grunt_vaults_entry_fortified, serial_park_tiny_2,
          uniq_nessos
D:15:     grunt_enter_depths_hoard, layout_rooms, minivault_25
Lair:1:   layout_misc_corridors, basic_altar
Lair:2:   layout_cave_pods, guppyfry_snake_entry_garden, grunt_megastairs_5,
          infiniplex_staircase_pool_2, uniq_amaemon, uniq_urug, uniq_gastronok
Lair:3:   layout_loops_ring, nicolae_swamp_entry_spooky, serial_bayou_shore_a,
          grunt_megastairs_2
Lair:4:   onia_ninara_swampy_vault, layout_layer_cave,
          nicolae_volcano_entry_hallway, st_stairs_13
Lair:5:   wormcave, layout_gridlike, guppyfry_lair_end_dragon,
          nicolae_slime_entry_slimehenge
Swamp:1:  layout_basic_swamp, ebering_ghost_inner_flame,
          portal_ice_cave_entry_ice_statue_one, evilmike_swamp_ruin_house_4,
          swamp_pool_4
Orc:1:    layout_caves, gammafunk_ghost_cemetery, hangedman_minor_magic,
          uniq_jorgrun
Orc:2:    st_orc_mages, layout_caves, gauntlet_entry_generic, serial_shops,
          shop, uniq_maurice
Elf:1:    minmay_elf_arrival_plus, layout_loops_corners, serial_shops,
          nicolae_shop_advertising_works [nicolae_subvault_shop_adworks],
          hangedman_elf_represent, minmay_shoptagon
IceCv:    ice_cave_small_giant

Skill      XL: |  1  2  3  4  5  6  7  8  9 10 11 12 13 14 15 16 |
---------------+-------------------------------------------------+-----
Throwing       | 2 |  2.0
Dodging        | 3 4 5 |  5.3
Long Blades    | 3 4 5 6 7 8 9 10 11 13 14 | 14.3
Fighting       | 3 4 5 6 7 9 10 11 12 14 15 | 15.4
Necromancy     | 2 4 6 8 10 11 12 13 15 16 | 16.5
Ice Magic      | 3 4 6 8 9 10 12 | 12.5
Spellcasting   | 3 |  3.7
Shields        | 4 |  4.7
Short Blades   | |  0.2

Action                     |  1- 3 |  4- 6 |  7- 9 | 10-12 | 13-15 | 16-18 || total
---------------------------+-------+-------+-------+-------+-------+-------++-------
  Melee: Long sword        |    86 |   115 |   180 |   741 |   405 |       ||  1527
         Touch             |     9 |    19 |    66 |   172 |   233 |   114 ||   613
         Scimitar          |       |       |   136 |       |       |       ||   136
         Punch             |       |       |     7 |    13 |    19 |     7 ||    46
         Dagger            |       |       |       |     1 |    11 |       ||    12
         Quick blade       |       |       |       |       |   622 |   883 ||  1505
  Throw: Throwing net      |       |     1 |     1 |     2 |     1 |       ||     5
   Cast: Ozocubu's Armour  |       |       |       |    13 |    18 |     7 ||    38
         Vampiric Draining |       |       |       |     7 |     8 |    13 ||    28
         Dispel Undead     |       |       |       |       |     8 |     9 ||    17
         Simulacrum        |       |       |       |       |    10 |       ||    10
         Death Channel     |       |       |       |       |       |     3 ||     3
 Invoke: Brand Weapon With |       |       |       |       |     1 |       ||     1
  Evoke: Wand              |     1 |     1 |       |     1 |     1 |     3 ||     7
    Use: Scroll            |       |       |     6 |    18 |     7 |     3 ||    34
         Potion            |       |       |     1 |     6 |     3 |     4 ||    14
   Stab: Held in net/web   |       |     2 |       |     1 |     3 |       ||     6
         Paralysed         |       |       |       |    30 |    27 |    11 ||    68
         Petrified         |       |       |       |       |    12 |     2 ||    14
         Petrifying        |       |       |       |       |     2 |       ||     2
 Armour: Leather armour    |    21 |       |       |       |       |       ||    21
         Ring mail         |    26 |    42 |   151 |   515 |   609 |   526 ||  1869
  Dodge: Dodged            |    74 |    84 |   298 |   707 |   646 |   445 ||  2254
  Block: Buckler           |       |       |       |       |       |    83 ||    83

Table legend: (Time is in decaauts)
 A = Elapsed time spent in this place.
 B = Non-inter-level travel time spent in this place.
 C = Inter-level travel time spent in this place.
 D = Time resting spent in this place.
 E = Time spent auto-exploring this place.
 F = Levels seen in this place.
 G = Mean time per level.
                   A        B        C        D        E       F      G
               +--------+--------+--------+--------+--------+-----+--------+
         Total |  24002 |  22640 |   1362 |   3627 |  13105 |  26 |  923.2 |
       Dungeon |  13681 |  12842 |    839 |   2328 |   7450 |  15 |  912.1 |
          Lair |   7036 |   6740 |    296 |    854 |   4103 |   5 | 1407.2 |
         Swamp |    152 |    152 |      0 |     59 |      0 |   1 |  152.0 |
  Orcish Mines |   2005 |   1779 |    226 |    192 |   1099 |   2 | 1002.5 |
   Elven Halls |    350 |    350 |      0 |     45 |    138 |   1 |  350.0 |
      Ice Cave |    446 |    446 |      0 |     79 |    192 |   1 |  446.0 |
       Volcano |    329 |    329 |      0 |     68 |    123 |   1 |  329.0 |
               +--------+--------+--------+--------+--------+-----+--------+

Top non-repeatable levels by time:
  Lair:4: 1899 daAuts
  Lair:2: 1581 daAuts
  Lair:5: 1481 daAuts
    D:11: 1296 daAuts
     D:4: 1260 daAuts
    D:12: 1213 daAuts
     D:8: 1180 daAuts
    D:10: 1174 daAuts
  Lair:3: 1160 daAuts
    D:14: 1081 daAuts
   Orc:1: 1076 daAuts
     D:6: 1066 daAuts
   Orc:2: 928 daAuts
  Lair:1: 914 daAuts
     D:2: 828 daAuts
